 Dungeon Crawl Stone Soup version 0.31-a0-1597-ge7908ec (webtiles) character file.

Game seed: 17128476498335994554

263 PidgeyThePirate the Ruffian (level 6, -1/52 HPs)
             Began as a Ghoul Monk on Jan 7, 2024.
             Splashed by a jelly's acid (8 damage)
             ... on level 3 of the Dungeon.
             The game lasted 00:04:10 (2283 turns).

PidgeyThePirate the Ruffian (Ghoul Monk)            Turns: 2283, Time: 00:04:11

Health: -1/52      AC:  4    Str: 17    XL:     6   Next: 19%
Magic:  6/6        EV: 11    Int:  9    God:
Gold:   225        SH:  0    Dex: 11    Spells: 5/5 levels left

rFire   + .          .
                       - Unarmed
rCold   + . .        c - orb {light}
rNeg    + + +        f - +2 ring mail {rF+}
rPois   ∞            p - +0 helmet
rElec   .            (no cloak)
rCorr   .            (no gloves)
SInv    .            (no boots)
Will    .....        (no amulet) Stlth
                     (no ring)
HPRegen 0.00/turn    (no ring)
MPRegen 0.10/turn

%: no passive effects
@: corroded, inhibited regen, glowing
A: claws 1, cold resistance 1, negative energy resistance 3, inhibited
regeneration, torment resistance 2, devour on kill
a: no special abilities


You were on level 3 of the Dungeon.
You visited 1 branch of the dungeon, and saw 4 of its levels.

You collected 225 gold pieces.

Inventory:

Armour
 a - a +0 robe
 c - an orb of light (worn)
 f - a +2 ring mail of fire resistance (worn)
 g - a +0 buckler
 p - a +0 helmet (worn)
Scrolls
 e - 4 scrolls of enchant armour {unknown}
 h - a scroll of immolation {unknown}
 m - a scroll of brand weapon {unknown}
 n - a scroll of blinking {unknown}
 q - a scroll of amnesia {unknown}
 r - a scroll of identify {unknown}
Potions
 b - a potion of ambrosia
 d - 4 potions of curing {unknown}
 i - a potion of heal wounds {unknown}
 j - 2 potions of lignification {unknown}
 k - 3 potions of might {unknown}
 l - a potion of degeneration {unknown}
 o - a potion of mutation {unknown}


   Skills:
 + Level 4.0 Fighting
 + Level 1.5 Armour
 + Level 3.4 Dodging
 + Level 6.0 Unarmed Combat


You had 5 spell levels left.
You didn't know any spells.
Your spell library contained the following spells:

 Spells                   Type           Power      Damage    Failure   Level
 Freeze                   Ice            0%         1d3       58%         1
 Slow                     Hex            0%         N/A       58%         1
 Confusing Touch          Hex            0%         N/A       91%         3
 Frozen Ramparts          Ice            0%         1d1       91%         3
 Gell's Gravitas          Tloc           0%         N/A       91%         3
 Hailstorm                Conj/Ice       0%         3d5       91%         3
 Sigil of Binding         Hex            0%         N/A       91%         3
 Teleport Other           Tloc           0%         N/A       91%         3
 Vampiric Draining        Necr           0%         2d6       91%         3
 Dispersal                Tloc           0%         N/A       100%        6


Dungeon Overview and Level Annotations

Branches:
Dungeon (4/15)
 Temple: D:4-7

Altars:
Hepliaklqana
Okawaru


Innate Abilities, Weirdness & Mutations

You are immune to poison.
You have sharp fingernails.
Your flesh is cold resistant. (rC+)
You are immune to negative energy. (rN+++)
You do not regenerate when monsters are visible.
You are immune to unholy pain and torment.
You thrive by killing the living.


Message History

The gnoll hits you with a +0 whip.
You barely miss the gnoll.
The gnoll is almost dead.
The orc completely misses you. The gnoll hits you but does no damage.
You scratch the gnoll.
You kill the gnoll!
You feel better. The orc closely misses you.
You claw the orc!
You kill the orc!
You see here a +0 hand axe.
There is a stone staircase leading down here.
You climb downwards.
The jelly hits you but does no damage.
There is a stone staircase leading up here.
The jelly barely misses you.
You climb upwards.
There is a stone staircase leading down here.
You scratch the jelly.
Your claws burn!
The jelly is moderately wounded.
The jelly barely misses you.
You scratch the jelly but do no damage.
Your claws burn!
The jelly is moderately wounded.
The jelly hits you but does no damage.
You scratch the jelly. The acid corrodes you!
Your claws burn!
The jelly is moderately wounded.
The jelly misses you.
You completely miss the jelly.
The jelly is moderately wounded.
The jelly hits you but does no damage.
You scratch the jelly. The acid corrodes you!
Your claws burn!
The jelly is moderately wounded.
The jelly hits you.
You are splashed with acid!
You scratch the jelly.
Your claws burn!
The jelly is severely wounded.
The jelly hits you.
You are splashed with acid!
* * * LOW HITPOINT WARNING * * *
The jelly attacks as it pursues you! The jelly closely misses you.
The jelly attacks as it pursues you! The jelly hits you.
* * * LOW HITPOINT WARNING * * *
You are splashed with acid!
You die...

##.........##.).
##<.......#####
############.## ##.
#....# #.####..
#....# ##.##....
#..).# ###..#>...#
#.>..####..........
#.J)..†...≈≈≈≈≈≈≈.≈
#.@..####.≈.....≈..
#....# #.≈.≈≈≈.≈≈≈
#....# ##.≈.≈_≈.≈.)
#....###..≈.≈.≈.≈.≈
#....##...≈.≈...≈.≈
###.###.#.≈.≈≈≈≈≈.≈
#.###.#.≈.....≈..
#.......≈≈≈≈≈.≈≈≈
#.......).......)


You could see a jelly.

Vanquished Creatures
  A bombardier beetle (D:3)
  A hound (D:2)
  An orc wizard (D:3)
  3 adders
  4 gnolls (D:3)
  A ribbon worm (D:3)
  5 dart slugs
  11 orcs
  6 bats
  5 endoplasms
  3 giant cockroaches
  13 goblins
  7 hobgoblins
  5 jackals (D:2)
  3 quokkas
  5 ball pythons
  4 frilled lizards
  4 kobolds
  6 rats
88 creatures vanquished.

Notes
Turn   | Place    | Note
-------+----------+-------------------------------------------
     0 | D:1      | PidgeyThePirate the Ghoul Monk began the quest for the Orb.
     0 | D:1      | Reached XP level 1. HP: 19/19 MP: 1/1
   164 | D:1      | Reached XP level 2. HP: 12/26 MP: 2/2
   420 | D:1      | Reached XP level 3. HP: 33/33 MP: 3/3
   605 | D:1      | Reached skill level 4 in Unarmed Combat
   949 | D:2      | Reached XP level 4. HP: 40/40 MP: 4/4
  1693 | D:3      | Reached skill level 5 in Unarmed Combat
  1779 | D:3      | Found an iron altar of Okawaru.
  1784 | D:3      | Found a hazy altar of Hepliaklqana.
  1810 | D:3      | Reached XP level 5. HP: 42/46 MP: 5/5
  1819 | D:3      | Reached skill level 1 in Armour
  2100 | D:3      | Reached XP level 6. HP: 37/52 MP: 6/6
  2109 | D:3      | Reached skill level 6 in Unarmed Combat
  2283 | D:3      | Splashed by a jelly's acid

Illustrated notes

Levels and vault maps discovered:
D:1:      lightli_arrival_maybe_door_vault, layout_basic
D:2:      cheibrodos_greedy_goblins, layout_loops_ring
D:3:      layout_rooms, mainiacjoe_overflow_catwalk_spiral, st_stairs_12
D:4:      layout_cave_pools, grunt_ministairs_2, chequers_serial_rivers_room_b

Skill      XL: |  1  2  3  4  5  6 |
---------------+-------------------+-----
Dodging        | 3 |  3.4
Unarmed Combat | 4 5 6 |  6.0
Fighting       | 4 |  4.0
Armour         | 1 |  1.5

Action                     |  1- 3 |  4- 6 || total
---------------------------+-------+-------++-------
  Melee: Unarmed           |    87 |   122 ||   209
 Armour: Robe              |    19 |       ||    19
         Ring mail         |    22 |    71 ||    93
  Dodge: Dodged            |    68 |    71 ||   139

Table legend: (Time is in decaauts)
 A = Elapsed time spent in this place.
 B = Non-inter-level travel time spent in this place.
 C = Inter-level travel time spent in this place.
 D = Time resting spent in this place.
 E = Time spent auto-exploring this place.
 F = Levels seen in this place.
 G = Mean time per level.
                   A        B        C        D        E       F      G
               +--------+--------+--------+--------+--------+-----+--------+
         Total |   2266 |   2186 |     80 |      0 |   1616 |   4 |  566.5 |
       Dungeon |   2266 |   2186 |     80 |      0 |   1616 |   4 |  566.5 |
               +--------+--------+--------+--------+--------+-----+--------+

Top non-repeatable levels by time:
     D:1: 835 daAuts
     D:2: 831 daAuts
     D:3: 578 daAuts
     D:4: 20 daAuts
